Map: 2000 애트모스피어 - 래더

Players

ByuL

  • Race: Zerg Zerg

DPGCure (Cure) - Winner!

  • Race: Terran Terran

Event: DreamHack SC2 Masters Last Chance 2022

VOD

Have the link to the VOD?

Description

Time

  • Played on: Dec. 15, 2021, 4:48 a.m.
  • Length: 8:47

All games in this series

Show
View Real Time Build Order
Export as new Build Order

ByuL Zerg 

Build Orders: Pool First 

Get SALT Encoding   

  12  0:00  Drone  
  13  0:12  Overlord  
  13  0:17  Drone  
  14  0:30  Drone  
  14  0:31  Drone  
  16  0:36  Drone  
  17  0:44  Spawning Pool  
  17  0:46  Extractor  
  17  0:49  Drone  
  16  0:55  Drone  
  17  1:13  Hatchery  
  17  1:18  Drone  
  17  1:20  Drone  
  18  1:31  Queen  
  20  1:36  Zergling x2  
  20  1:39  Zergling x2  
  22  1:47  Metabolic Boost  
  22  1:53  Overlord  
  22  2:11  Queen  
  22  2:12  Drone x2  
  26  2:24  Queen  
  26  2:29  Drone  
  29  2:34  Zergling x4  
  31  2:40  Zergling x4  
  33  2:47  Zergling x2  
  33  2:49  Drone  
  33  2:50  Drone  
  36  2:58  Overlord  
  36  3:08  Overlord  
  36  3:11  Hatchery  
  35  3:16  Drone  
  35  3:18  Drone  
  35  3:19  Drone x2  
  39  3:21  Drone  
  37  3:30  Drone x4  
  40  3:38  Queen  
  40  3:43  Zergling x4  
  40  3:44  Zergling x2  
  40  3:46  Drone  
  44  3:52  Drone x2  
  46  4:00  Lair  
  46  4:01  Drone  
  47  4:04  Zergling x2  
  47  4:08  Drone  
  47  4:09  Drone  
  51  4:10  Drone  
  51  4:11  Drone  
  51  4:13  Extractor  
  51  4:15  Queen, Extractor  
  52  4:18  Baneling Nest  
  52  4:22  Overlord  
  51  4:26  Queen  
  51  4:27  Overlord  
  53  4:31  Overlord  
  53  4:36  Spore Crawler  
  53  4:42  Zergling x2  
  53  4:43  Zergling x2  
  53  4:44  Drone x2  
  53  4:45  Drone  
  57  4:47  Drone x2  
  57  4:48  Drone x2  
  57  4:49  Drone  
  57  4:52  Spore Crawler  
  61  4:55  Drone  
  61  4:56  Drone  
  61  4:59  Drone x2  
  65  5:02  Overseer  
  65  5:04  Extractor  
  63  5:10  Zergling x4  
  63  5:11  Zergling x2  
  66  5:16  Spire  
  66  5:17  Drone x2  
  66  5:19  Drone  
  68  5:23  Drone  
  68  5:24  Drone  
  68  5:25  Drone  
  68  5:26  Drone  
  72  5:29  Drone  
  72  5:33  Spore Crawler  
  72  5:34  Overlord  
  72  5:36  Drone, Baneling Nest  
  72  5:37  Drone  
  72  5:39  Drone  
  71  5:44  Zergling x2  
  71  5:45  Drone x2  
  71  5:49  Overlord  
  73  5:52  Overlord  
  73  5:54  Drone x2  
  73  5:55  Drone  
  76  5:58  Drone x2  
  76  6:00  Drone  
  76  6:01  Drone  
  76  6:02  Drone  
  79  6:05  Drone x2  
  79  6:09  Drone  
  82  6:11  Drone x3  
  82  6:16  Extractor x2  
  83  6:20  Overlord  
  83  6:22  Overlord  
  83  6:25  Overlord  
  83  6:28  Mutalisk x4  
  83  6:31  Zerg Flyer Weapons Level 1  
  83  6:32  Mutalisk  
  91  6:35  Mutalisk  
  91  6:37  Mutalisk  
  97  6:44  Mutalisk  
  97  6:46  Zergling x8  
  103  6:50  Zergling x2  
  103  6:51  Centrifugal Hooks  
  103  6:53  Zergling x8  
  107  6:58  Zergling x8  
  107  6:59  Zergling x2  
  112  7:07  Baneling  
  112  7:08  Baneling x5  
  111  7:12  Zergling x6  
  113  7:21  Mutalisk  
  115  7:23  Evolution Chamber  
  115  7:24  Evolution Chamber, Mutalisk x2  
  116  7:31  Mutalisk x2  
  116  7:35  Hatchery  
  116  7:36  Zergling x4  
  116  7:37  Zergling x6  
  121  7:53  Overlord  
  121  7:54  Overlord  
  121  8:01  Overlord x2  
  121  8:05  Overlord  
  117  8:14  Mutalisk x4  
  117  8:16  Zergling x4  
  117  8:17  Zergling x10  
Show
View Real Time Build Order
Export as new Build Order

DPGCure Terran - Winner!

Build Orders: Reaper Expand, Banshee Rush 

Get SALT Encoding   

  12  0:00  SCV  
  13  0:12  SCV  
  14  0:17  Supply Depot  
  14  0:24  SCV  
  15  0:38  SCV  
  15  0:40  Barracks  
  15  0:42  Refinery  
  16  0:51  SCV  
  17  1:03  SCV  
  18  1:15  SCV  
  19  1:27  Reaper, Orbital Command  
  20  1:38  Command Center  
  20  1:46  Supply Depot  
  20  1:53  SCV  
  21  1:59  Marine  
  22  2:05  SCV  
  22  2:07  Factory  
  23  2:13  Refinery  
  23  2:17  SCV, Marine  
  25  2:29  SCV  
  26  2:35  Barracks Reactor  
  26  2:41  SCV  
  27  2:51  Orbital Command  
  27  2:53  Starport, SCV  
  27  2:54  Hellion  
  30  3:06  SCV  
  31  3:18  SCV x2, Barracks Tech Lab  
  33  3:26  Hellion x2  
  37  3:32  SCV x2  
  36  3:43  Viking  
  36  3:44  Cloaking Field  
  36  3:46  SCV  
  36  3:47  SCV  
  39  3:49  Hellion  
  39  3:55  Supply Depot  
  43  3:57  Barracks Tech Lab  
  43  4:01  SCV x2  
  45  4:07  Supply Depot  
  43  4:13  Banshee  
  43  4:16  SCV x2  
  48  4:23  Command Center  
  48  4:28  SCV  
  48  4:29  SCV  
  50  4:34  Marine  
  50  4:35  Stimpack  
  50  4:37  Supply Depot  
  51  4:41  SCV x2  
  53  4:49  Factory Reactor, Barracks  
  53  4:51  Barracks  
  53  4:52  Marine  
  54  4:54  SCV  
  54  4:55  SCV  
  56  5:06  SCV  
  57  5:07  SCV  
  57  5:09  Engineering Bay  
  57  5:10  Engineering Bay, Marine  
  59  5:14  Refinery  
  59  5:15  Refinery  
  59  5:18  SCV  
  59  5:19  SCV, Starport Reactor  
  61  5:28  Marine  
  62  5:30  SCV  
  62  5:31  SCV  
  64  5:37  Terran Infantry Weapons Level 1, Terran Infantry Armor Level 1  
  64  5:43  Marine x2  
  64  5:44  Siege Tank  
  64  5:45  Marine  
  64  5:46  SCV x2  
  72  5:52  Marine x2  
  74  5:58  SCV  
  74  6:03  Marine x2  
  74  6:04  Marine  
  79  6:05  Medivac x2  
  79  6:06  Orbital Command  
  79  6:09  Supply Depot  
  79  6:10  Supply Depot, Marine x2  
  84  6:18  Barracks  
  84  6:22  Marine, Barracks  
  85  6:30  Combat Shield, Marine x3, Orbital Command  
  85  6:31  SCV x2, Siege Tank, Marine  
  94  6:38  Supply Depot  
  94  6:39  Supply Depot  
  94  6:43  Marine  
  94  6:44  SCV x2  
  97  6:48  Medivac, Marine x2  
  97  6:53  Supply Depot  
  101  7:00  SCV x3, Marine x2  
  101  7:01  Marine  
  107  7:03  Supply Depot  
  107  7:06  Missile Turret, Marine x2  
  107  7:07  Missile Turret  
  106  7:11  Missile Turret  
  106  7:12  Barracks Reactor  
  106  7:14  Barracks Reactor  
  107  7:15  SCV  
  107  7:18  Missile Turret, Marine x2  
  109  7:23  Marine  
  109  7:24  Marine x2  
  107  7:31  SCV x3  
  107  7:34  Siege Tank  
  107  7:35  Marine x2  
  112  7:46  Armory, Marine x3  
  112  7:47  SCV  
  112  7:48  SCV x2  
  118  7:53  Marine x2  
  118  7:55  Marine x2  
  118  7:56  Medivac x2, Marine x2  
  128  8:01  Supply Depot  
  128  8:03  Supply Depot  
  128  8:05  Marine x3  
  128  8:11  Marine  
  131  8:16  Marine x2  
  133  8:23  Marine x5  
  133  8:24  Marine  

Tags
 
Add a new tag
Caveats
  • Supply blocks, unpowered buildings, or Contaminate may cause inaccurate times.
  • Supply counts are checked every 10 seconds.